 Dungeon Crawl Stone Soup version 0.30-a0-743-gbfdf073431 (webtiles) character file.

Game seed: 811877752881178552

11618 browni3141 the Spear-Bearer (level 11, 0/79 HPs)
             Began as a Mummy Cinder Acolyte on Feb 6, 2023.
             Was a Priest of Ignis.
             Slain by a cyclops (17 damage)
             ... on level 11 of the Dungeon.
             The game lasted 00:23:40 (11280 turns).

browni3141 the Spear-Bearer (Mummy Cinder Acolyte) Turns: 11280, Time: 00:23:41

Health: 0/79       AC: 19    Str: 18    XL:     11   Next: 51%
Magic:  13/13      EV:  9    Int: 19    God:    Ignis [***...]
Gold:   304        SH:  8    Dex: 14    Spells: 10/12 levels left

rFire   . . .      SeeInvis .    b - +4 trident (freeze)
rCold   + . .      Faith    +    i - +0 kite shield
rNeg    + + +      Spirit   .    O - +0 troll leather armour
rPois   ∞          Reflect  .    C - +2 helmet
rElec   +          Harm     .    K - +0 cloak
rCorr   +          Rampage  .    h - +2 pair of gloves
Will    ++...                    L - +0 pair of boots
Stlth   +                        z - amulet of magic regeneration
HPRegen 1.13/turn                t - ring of willpower
MPRegen 0.53/turn                I - ring "Fuomuer" {rElec rCorr Str-3 Int+6 Dex+5}

@: fiery-armoured
A: cold resistance 1, negative energy resistance 3, torment resistance 2, heat
vulnerability 1, in touch with death 1, no potions, faith
a: Renounce Religion, Fiery Armour, Foxfire Swarm, Rising Flame


You were on level 11 of the Dungeon.
You worshipped Ignis.
Ignis was most pleased with you.
You visited 1 branch of the dungeon, and saw 11 of its levels.
You also visited: Sewer and Ossuary.

You collected 478 gold pieces.
You spent 174 gold pieces at shops.

Inventory:

Hand Weapons
 b - a +4 trident of freezing (weapon)
 J - the +11 bardiche of Toucrysu {heavy, rC+ Dex+2}
   (You acquired it on level 9 of the Dungeon)

   Dex:       It affects your dexterity (+2).
   rC:        It protects you from cold.
Missiles
 g - 12 boomerangs of dispersal
 q - 5 silver javelins
 D - 4 curare-tipped darts
 E - 25 poisoned darts
Armour
 d - a +0 buckler
 h - a +2 pair of gloves (worn)
 i - a +0 kite shield (worn)
 j - a +0 ring mail
 s - a +0 robe
 v - a +0 scale mail
 y - a +1 hat
 C - a +2 helmet (worn)
 K - a +0 cloak (worn)
 L - a +0 pair of boots (worn)
 O - a +0 troll leather armour (worn)
Jewellery
 k - a +4 ring of protection
 n - a ring of see invisible
 o - a ring of wizardry
 t - a ring of willpower (left hand)
 z - an amulet of magic regeneration (around neck)
 I - the ring "Fuomuer" (right hand) {rElec rCorr Str-3 Int+6 Dex+5}
   (You found it on level 7 of the Dungeon)

   [ring of intelligence]

   Str:       It affects your strength (-3).
   Int:       It affects your intelligence (+6).
   Dex:       It affects your dexterity (+5).
   rElec:     It insulates you from electricity.
   rCorr:     It protects you from acid and corrosion.
Wands
 A - a wand of flame (19)
 F - a wand of mindburst (1)
Scrolls
 a - 2 scrolls of enchant weapon {unknown}
 c - 4 scrolls of identify
 e - 2 scrolls of immolation
 f - 8 scrolls of magic mapping
 l - 11 scrolls of teleportation
 m - 2 scrolls of blinking
 r - 2 scrolls of poison
 u - 2 scrolls of silence
 w - 3 scrolls of vulnerability
 x - a scroll of fog
 B - 4 scrolls of amnesia
 G - a scroll of brand weapon
 H - a scroll of summoning
 N - a scroll of enchant armour


   Skills:
 * Level 5.0 Fighting
 - Level 2.8(9.9) Axes
 * Level 14.6(14.7) Polearms
 * Level 2.1 Shields
 - Level 1.3 Spellcasting
 - Level 2.4 Fire Magic
 * Level 0.4 Evocations


You had 10 spell levels left.
You knew the following spells:

 Your Spells              Type           Power      Damage    Failure   Level
a - Scorch                Fire           20%        2d6       36%         2

Your spell library contained the following spells:

 Spells                   Type           Power      Damage    Failure   Level
 Apportation              Tloc           2%         N/A       56%         1
 Kiss of Death            Conj/Necr      4%         2d5       56%         1
 Necrotise                Necr           4%         1d4       56%         1
 Sting                    Tmut/Pois      4%         1d3       56%         1
 Summon Small Mammal      Summ           4%         N/A       56%         1
 Poisonous Vapours        Pois/Air       2%         N/A       71%         2
 Inner Flame              Hex/Fire       5%         N/A       78%         3
 Call Canine Familiar     Summ           1%         N/A       91%         3
 Confusing Touch          Hex            1%         N/A       91%         3
 Summon Guardian Golem    Hex/Summ       1%         N/A       91%         3
 Flame Wave               Conj/Fire      5%         2d5       99%         4
 Sticky Flame             Conj/Fire      5%         2d3       99%         4
 Cause Fear               Hex            0%         N/A       100%        4
 Dispel Undead            Necr           1%         3d6       100%        4
 Olgreb's Toxic Radiance  Pois           1%         N/A       100%        4
 Discord                  Hex            0%         N/A       100%        8


Dungeon Overview and Level Annotations

Branches:
Dungeon (11/15)            Temple (0/1) D:5            Lair (0/5) D:10
  Sewer (visited)         Ossuary (visited)
    Orc: D:9-12

Altars:
Ashenzari
Dithmenos
Fedhas
Hepliaklqana
Kikubaaqudgha
Nemelex Xobeh
Okawaru
Ru
Wu Jian
Yredelemnul

Shops:
D:1 *((*   D:5 (   D:6 *[   D:10 !

Annotations:
D:5 1 runed translucent door
D:9 exclusion: obsidian statue
D:10 3 runed translucent doors, Valagong's ghost, novice MiFi


Innate Abilities, Weirdness & Mutations

You are immune to poison.
Your flesh is cold resistant. (rC+)
You are immune to negative energy. (rN+++)
You are immune to unholy pain and torment.
You are vulnerable to heat. (rF-)
You are in touch with the powers of death.
You do not drink.
You have a special connection with the divine. (Faith)


Message History

Aiming: Mindburst
Press: ? - help, Shift-Dir - straight line, f - you
Okay, then.
The slime creature hits you!
* * * LOW HITPOINT WARNING * * *
The slime creature is burned by your cloak of flames.
The slime creature is lightly wounded.
The slime creature hits you.
* * * LOW HITPOINT WARNING * * *
The slime creature is burned by your cloak of flames.
The slime creature is lightly wounded.
As you read the scroll of fear, it crumbles to dust.
You assume a fearsome visage.
The very large slime creature resists with some effort.
The slime creature looks frightened!
The very large slime creature hits you!
* * * LOW HITPOINT WARNING * * *
The very large slime creature is burned by your cloak of flames.
The very large slime creature is lightly wounded.
As you read the scroll of fear, it crumbles to dust.
You assume a fearsome visage.
The very large slime creature looks frightened!
As you read the scroll of teleportation, it crumbles to dust.
You feel strangely unstable.
Your surroundings suddenly seem different.
A cyclops comes into view.
The cyclops shouts!
You hear two shouts!
The cyclops closely misses you.
You hear a shout! x3
You hit the cyclops but do no damage. You hit the cyclops.
You freeze the cyclops.
The cyclops is lightly wounded.
The cyclops hits you but does no damage.
The cyclops is burned by your cloak of flames.
The cyclops is lightly wounded.
You hit the cyclops. You freeze the cyclops.
The cyclops is lightly wounded.
You puncture the cyclops! You freeze the cyclops.
The cyclops is moderately wounded.
The cyclops hits you!
You die...

## .#
######.####
#.........#
#.........#
#.........# #
#...@.....#
#.#....C....#
#...........#
###.........#.
#...<.......
#.........##
#####.##### .#
##


You could see a cyclops.

Vanquished Creatures
  A two-headed ogre (D:10)
  A death yak (D:10)
  A gargoyle (D:10)
  The ghost of elongatedgoose the Sneak, a novice MfBr of Dithmenos (D:5)
  A troll (D:9)
  Prince Ribbit (D:7)
  A slime creature (D:11)
  13 yaks
  A wyvern (D:10)
  Grum (D:11)
  2 steam dragons
  2 vampire mosquitoes (D:7)
  Edmund (D:4)
  2 water moccasins (D:7)
  Duvessa (D:5)
  3 orc warriors
  2 ice beasts
  A black bear (D:6)
  2 ogres
  2 wolves (D:11)
  6 centaurs
  3 kobold brigands
  7 bullfrogs
  12 scorpions
  A gnoll sergeant (D:10)
  A necrophage (D:6)
  10 wights
  Dowan (D:5)
  A howler monkey (D:7)
  2 vampire bats (D:11)
  3 human zombies (Ossuary)
  9 orc priests
  2 centaur zombies (Ossuary)
  A hound (D:6)
  2 gnoll boudas
  Crazy Yiuf (D:7)
  3 iguanas
  2 scorpion zombies (Ossuary)
  Natasha (thrice) (D:4)
  7 orc wizards
  3 mummies (Ossuary)
  11 adders
  13 gnolls
  A river rat (D:5)
  3 white imps
  5 worms
  4 dart slugs
  35 orcs
  9 ball pythons
  2 bat skeletons (D:11)
  3 bat zombies (D:11)
  5 endoplasms
  4 giant cockroaches
  A gnoll zombie (Ossuary)
  11 goblins
  6 hobgoblins
  2 jackals (D:1)
  32 kobolds
  6 quokkas
  8 bats
  4 frilled lizards
  A goblin zombie (Ossuary)
  4 hobgoblin zombies (Ossuary)
  An orc zombie (Ossuary)
  8 rats
299 creatures vanquished.

Vanquished Creatures (collateral kills)
  2 death yaks (D:10)
  2 yaks (D:10)
4 creatures vanquished.

Vanquished Creatures (others)
  An orc (D:8)
  A quokka (D:6)
  19 foxfires (D:5)
  3 fungi (D:10)
  3 plants
27 creatures vanquished.

Grand Total: 330 creatures vanquished

Notes
Turn   | Place    | Note
-------+----------+-------------------------------------------
     0 | D:1      | browni3141 the Mummy Cinder Acolyte began the quest for the
                  | Orb.
     0 | D:1      | Reached XP level 1. HP: 18/18 MP: 2/2
   152 | D:1      | Found Poj Varph's Assorted Antiques.
   212 | D:1      | Found Nynomy's Antique Weapon Shop.
   223 | D:1      | Reached XP level 2. HP: 24/24 MP: 4/4
   228 | D:1      | Found Benet's Weapon Shoppe.
   389 | D:1      | Reached skill level 1 in Shields
   459 | D:1      | Learned a level 2 spell: Scorch
   481 | D:1      | Found Apias's Assorted Antiques.
   932 | D:2      | Gained mutation: You are in touch with the powers of death.
                  | [Mummy growth]
   932 | D:2      | Reached XP level 3. HP: 29/29 MP: 5/5
  1297 | D:2      | Reached skill level 1 in Polearms
  1645 | D:3      | Reached XP level 4. HP: 33/35 MP: 6/6
  1745 | D:3      | Reached skill level 2 in Polearms
  2199 | D:3      | Reached XP level 5. HP: 40/41 MP: 7/7
  2335 | D:3      | Noticed an ogre
  2341 | D:3      | Killed an ogre
  2342 | D:3      | Reached skill level 3 in Polearms
  2506 | D:3      | Found an ornate altar of the Wu Jian Council.
  2672 | D:4      | Reached skill level 4 in Polearms
  2672 | D:4      | Reached XP level 6. HP: 47/47 MP: 3/8
  2741 | D:4      | Noticed Edmund
  2749 | D:4      | Noticed Natasha
  2765 | D:4      | Killed Natasha
  2768 | D:4      | Killed Edmund
  2954 | D:4      | Found a sacrificial altar of Ru.
  2968 | D:4      | Found a broken altar of Ashenzari.
  2972 | D:4      | Found a shadowy altar of Dithmenos.
  3163 | D:4      | Noticed Natasha
  3174 | D:4      | Killed Natasha
  3189 | D:4      | Identified the +1 robe of the Farmer {+Blink rPois Slay-5
                  | Archmagi}
  3261 | D:4      | Noticed Natasha
  3269 | D:4      | Killed Natasha
  3270 | D:4      | Reached XP level 7. HP: 50/54 MP: 9/9
  3308 | D:5      | Entered Level 5 of the Dungeon
  3341 | D:5      | Found a runed translucent door.
  3400 | D:5      | Reached skill level 5 in Polearms
  3521 | D:5      | Found a staircase to the Ecumenical Temple.
  3636 | D:5      | Noticed Dowan
  3637 | D:5      | Noticed Duvessa
  3655 | D:5      | Killed Dowan
  3657 | D:5      | Killed Duvessa
  3777 | D:5      | Found Cikh's Antique Weapon Shop.
  3922 | D:5      | Found a runed translucent door.
  3925 | D:5      | Noticed elongatedgoose's ghost (novice MfBr)
  4081 | D:5      | Reached skill level 5 in Fighting
  4142 | D:5      | Killed elongatedgoose's ghost
  4143 | D:5      | Reached skill level 6 in Polearms
  4143 | D:5      | Reached XP level 8. HP: 34/62 MP: 10/10
  4265 | D:6      | Found a sand-covered staircase.
  4270 | Ossuary  | Entered an ossuary
  4292 | Ossuary  | Reached skill level 7 in Polearms
  4437 | Ossuary  | Reached skill level 8 in Polearms
  4632 | D:6      | Reached skill level 9 in Polearms
  4632 | D:6      | Reached XP level 9. HP: 19/68 MP: 11/11
  4658 | D:6      | Found a glowing drain.
  4669 | Sewer    | Entered a sewer
  5433 | D:6      | Found Wiunarre's General Store.
  5440 | D:6      | Bought a scroll of identify for 24 gold pieces
  5440 | D:6      | Bought a scroll of identify for 24 gold pieces
  5440 | D:6      | Bought a scroll of teleportation for 36 gold pieces
  5639 | D:6      | Reached skill level 10 in Polearms
  5761 | D:6      | Found Sopsino's Armour Emporium.
  6286 | D:7      | Identified the ring "Fuomuer" {rElec rCorr Str-3 Int+6
                  | Dex+5}
  6460 | D:7      | Reached skill level 11 in Polearms
  6677 | D:7      | Noticed Prince Ribbit
  6688 | D:7      | Reached XP level 10. HP: 44/74 MP: 12/12
  6689 | D:7      | Killed Prince Ribbit
  7186 | D:7      | Found a runed translucent door.
  7187 | D:7      | Noticed Crazy Yiuf
  7932 | D:8      | Reached skill level 12 in Polearms
  8130 | D:8      | Identified a scroll of acquirement
  8602 | D:6      | Bought a +0 cloak for 45 gold pieces
  8602 | D:6      | Bought a +0 pair of boots for 45 gold pieces
  8656 | D:7      | Killed Crazy Yiuf
  8719 | D:9      | Found an iron altar of Okawaru.
  9519 | D:8      | Reached skill level 13 in Polearms
  9795 | D:9      | Noticed an obsidian statue
 10062 | D:9      | Acquired the +11 bardiche of Toucrysu {heavy, rC+ Dex+2}
 10097 | D:10     | Entered Level 10 of the Dungeon
 10119 | D:10     | Found a blossoming altar of Fedhas.
 10132 | D:10     | Found a sparkling altar of Nemelex Xobeh.
 10230 | D:10     | Found a basalt altar of Yredelemnul.
 10233 | D:10     | Noticed a two-headed ogre
 10245 | D:11     | Noticed a two-headed ogre
 10302 | D:10     | Found a staircase to the Lair.
 10303 | D:10     | Noticed a death yak
 10304 | D:10     | Noticed a death yak
 10312 | D:10     | Noticed a death yak
 10452 | D:10     | Killed a two-headed ogre
 10453 | D:10     | Reached XP level 11. HP: 64/79 MP: 13/13
 10557 | D:10     | Found a hazy altar of Hepliaklqana.
 10624 | D:10     | Killed a death yak
 10634 | D:10     | Killed a death yak
 10635 | D:10     | Reached skill level 14 in Polearms
 10638 | D:10     | Killed a death yak
 10841 | D:10     | Found Puixorre's Distillery.
 11011 | D:10     | Found a runed translucent gate.
 11011 | D:10     | Found a runed translucent gate.
 11022 | D:10     | Noticed Valagong's ghost (novice MiFi)
 11024 | D:10     | Found a runed translucent gate.
 11024 | D:10     | Noticed a nine-headed hydra
 11143 | D:11     | Noticed Grum
 11161 | D:11     | Killed Grum
 11182 | D:11     | Found an ancient bone altar of Kikubaaqudgha.
 11280 | D:11     | Slain by a cyclops

Illustrated notes

Levels and vault maps discovered:
D:1:      wander_arrival_lonely_grave, layout_loops_ring, serial_shops, shop,
          shop, nicolae_square_shop, nicolae_diamond_shop
D:2:      layout_basic
D:3:      layout_loops_ring, nicolae_overflow_hidden_temple,
          corexii_item_surrounded_by_moat
D:4:      layout_rooms, minmay_overflow_temple_star_quad, uniq_natasha,
          uniq_edmund
D:5:      layout_gridville, minmay_temple_entry_statues_fountains, serial_shops,
          nicolae_take_the_stairs, ebering_ghost_sewer_f, uniq_duvessa
D:6:      layout_rooms, enter_ossuary_2, gup_sewer_entry_bubbles, serial_shops,
          nicolae_shop_hallway_plus, shop, amethyst_killhole
D:7:      layout_basic, grunt_tough_drop, uniq_crazy_yiuf_cottage,
          uniq_prince_ribbit1
D:8:      layout_loops_cross, nicolae_water_bricks, kennysheep_path_1
D:9:      layout_roguey, old_standard_altar, minmay_misc_feat_chi, minivault_16
D:10:     layout_roguey, lemuel_crystal_altar, old_standard_altar,
          mainiacjoe_overflow_catch_the_wave, dpeg_lair_monsters,
          gammafunk_ghost_hydra_chop, serial_shops, nicolae_shop_hallway_plus,
          minmay_unpleasant_kobolds
D:11:     layout_roguey, minmay_orc_entry_temple_small, nicolae_blasting_shop,
          kennysheep_vampire_church, uniq_erica, uniq_grum

Skill      XL: |  1  2  3  4  5  6  7  8  9 10 11 |
---------------+----------------------------------+-----
Shields        | 1 2 |  2.1
Polearms       | 1 2 4 6 9 11 13 14 | 14.6
Fighting       | 4 5 |  5.0
Axes           | |  2.8
Spellcasting   | |  1.3
Fire Magic     | |  2.4
Evocations     | |  0.4

Action                     |  1- 3 |  4- 6 |  7- 9 | 10-12 || total
---------------------------+-------+-------+-------+-------++-------
  Melee: Hand axe          |    20 |       |       |       ||    20
         Short sword       |    65 |       |       |       ||    65
         Club              |    13 |       |       |       ||    13
         Dagger            |    60 |   175 |   157 |    11 ||   403
         War axe           |       |       |   299 |    59 ||   358
         Trident           |       |       |       |   323 ||   323
         Bardiche          |       |       |       |    14 ||    14
  Throw: Javelin           |       |     4 |       |       ||     4
   Cast: Scorch            |       |     4 |     5 |    19 ||    28
 Invoke: Fiery Armour      |       |     2 |     1 |     2 ||     5
         Foxfire Swarm     |       |       |     1 |       ||     1
  Evoke: Wand              |       |       |     4 |     5 ||     9
    Use: Scroll            |       |       |     8 |    12 ||    20
 Armour: Robe              |    39 |       |       |       ||    39
         Ring mail         |    30 |    58 |   274 |    68 ||   430
         Troll leather arm |       |       |       |    60 ||    60
  Dodge: Dodged            |    79 |    75 |   264 |   142 ||   560
  Block: Buckler           |    26 |    24 |    79 |    54 ||   183
         Kite shield       |       |       |       |    34 ||    34

Table legend: (Time is in decaauts)
 A = Elapsed time spent in this place.
 B = Non-inter-level travel time spent in this place.
 C = Inter-level travel time spent in this place.
 D = Time resting spent in this place.
 E = Time spent auto-exploring this place.
 F = Levels seen in this place.
 G = Mean time per level.
                   A        B        C        D        E       F      G
               +--------+--------+--------+--------+--------+-----+--------+
         Total |  11360 |  10844 |    516 |    882 |   7192 |  13 |  873.8 |
       Dungeon |  10601 |  10085 |    516 |    804 |   7001 |  11 |  963.7 |
         Sewer |    421 |    421 |      0 |     78 |    191 |   1 |  421.0 |
       Ossuary |    338 |    338 |      0 |      0 |      0 |   1 |  338.0 |
               +--------+--------+--------+--------+--------+-----+--------+

Top non-repeatable levels by time:
     D:7: 1743 daAuts
     D:8: 1378 daAuts
     D:9: 1214 daAuts
     D:6: 960 daAuts
     D:5: 955 daAuts
     D:3: 934 daAuts
     D:1: 914 daAuts
    D:10: 875 daAuts
     D:4: 762 daAuts
     D:2: 718 daAuts
   Sewer: 421 daAuts
 Ossuary: 338 daAuts
    D:11: 143 daAuts
